 Dungeon Crawl Stone Soup version 0.27.1-1-g398f81649c (webtiles) character file.

Game seed: 2105362030926488116

109 H0rd4k the Magician (level 4, 0/27 HPs)
             Began as an Octopode Hedge Wizard on Sept 20, 2021.
             Slain by an iguana (11 damage)
             ... on level 4 of the Dungeon.
             The game lasted 00:05:14 (4098 turns).

H0rd4k the Magician (Octopode Hedge Wizard)         Turns: 4098, Time: 00:05:15

Health: 0/27       AC:  1    Str:  9    XL:     4   Next: 90%
Magic:  4/9        EV: 13    Int: 17    God:
Gold:   150        SH:  0    Dex: 11    Spells: 1/10 levels left

rFire    . . .     SeeInvis .   j - +2 dagger (flame)
rCold    . . .     Faith    .   (no shield)
rNeg     . . .     Spirit   .   b - +0 hat
rPois    .         Reflect  .   (no amulet)
rElec    .         Harm     .   (no ring)
rCorr    .         Rampage  .   (no ring)
Will     .....                  (no ring)
Stlth    +++.......             (no ring)
HPRegen  0.09/turn              (no ring)
MPRegen  0.11/turn              (no ring)
                                (no ring)
                                (no ring)

@: no status effects
A: almost no armour, amphibious, 8 rings, camouflage 1, gelatinous body 1,
(nimble swimmer 1), tentacles
a: no special abilities


You were on level 4 of the Dungeon.
You visited 1 branch of the dungeon, and saw 4 of its levels.

You collected 150 gold pieces.

Inventory:

Hand Weapons
 j - a +2 dagger of flaming (weapon)
Armour
 b - a +0 hat (worn)
Jewellery
 m - an amulet of guardian spirit
Scrolls
 c - a scroll of torment {unknown}
 d - a scroll of enchant weapon
 g - a scroll of noise {unknown}
 h - a scroll of acquirement {unknown}
 i - a scroll of identify {unknown}
 k - a scroll of blinking {unknown}
Potions
 a - a potion of lignification {unknown}
 e - a potion of attraction {unknown}
 l - 2 potions of flight {unknown}
 n - a potion of berserk rage {unknown}


   Skills:
 + Level 0.1 Short Blades
 + Level 2.4 Dodging
 + Level 3.0 Stealth
 + Level 3.8 Spellcasting
 + Level 2.0 Conjurations
 + Level 1.0 Summonings
 + Level 1.0 Translocations
 + Level 1.5 Fire Magic
 + Level 1.2 Air Magic
 * Level 0.2 Poison Magic


You had one spell level left.
You knew the following spells:

 Your Spells              Type           Power      Damage    Failure   Level
a - Magic Dart            Conj           40%        1d5       7%          1
b - Blink                 Tloc           N/A        N/A       16%         2
c - Conjure Flame         Conj/Fire      9%         6-21      22%         3
d - Mephitic Cloud        Conj/Pois/Air  7%         N/A       30%         3

Your spell library contained the following spells:

 Spells                   Type           Power      Damage    Failure   Level
 Call Imp                 Summ           6%         N/A       16%         2
 Slow                     Hex            3%         N/A       24%         2
 Dazzling Flash           Conj/Hex       12%        N/A       32%         3
 Iskenderun's Mystic Bla  Conj/Tloc      8%         2d4       65%         4
 Starburst                Conj/Fire      4%         6d4       100%        6


Dungeon Overview and Level Annotations

Branches:
Dungeon (4/15)
 Temple: D:4-7

Altars:

Shops:
D:1 (

Portals:
Ossuary: D:4

Annotations:
D:3 exclusion: gnoll
D:4 exclusion: necrophage


Innate Abilities, Weirdness & Mutations

You cannot wear most types of armour.
You are amphibious.
You can wear up to eight rings at the same time.
Your skin changes colour to match your surroundings (Stealth+).
Your rubbery body absorbs attacks. (AC +1, EV +1)
((You are camouflaged near water. (Stealth+)))
You have tentacles for arms and can constrict up to eight enemies at once.


Message History

* * * LOW HITPOINT WARNING * * *
Casting: Mephitic Cloud (extremely dangerous; 30% risk of failure)
Confirm with . or Enter, or press ? or * to list all spells.
You miscast Blink.
You are very lightly contaminated with residual magic.
Nothing appears to happen.
The bullfrog releases a deep croak.
The bullfrog barely misses you.
Casting: Blink (safe; 16% risk of failure)
Confirm with . or Enter, or press ? or * to list all spells.
You blink.
You aren't carrying any items that you can evoke.
Unknown command.
As you read the scroll labelled ZAOCULOMAO, it crumbles to dust.
It is a scroll of enchant weapon.
Your +1 dagger of flaming glows red for a moment.
As you read the scroll labelled XEOPUZ ZOZIOSE, it crumbles to dust.
You assume a fearsome visage.
The goblin looks frightened!
The bullfrog looks frightened!
The necrophage is unaffected.
It was a scroll of fear.
The goblin gibbers meaninglessly.
Your magical contamination has completely faded away.
Found a ring mail.
The goblin shoots a stone.
The stone closely misses you.
You hear the slow hiss of an avalanche of sand very nearby.
The goblin shoots a stone.
The stone closely misses you.
An adder comes into view.
An iguana comes into view.
Found 6 large rocks and a ring mail.
Found a brown potion.
The iguana hisses angrily.
The iguana closely misses you.
The iguana bites you but does no damage.
The iguana barely misses you.
You open the door.
Found a sand-covered staircase.
There is an open door here.
There is a sand-covered staircase here.
The iguana bites you!
You die...

.. .. #[..... #.##..
.......#.........
.....S...........
................
#####.....[.......#
#...#......#......#
#.@.#......#...##?.
#nl.#..............
#..##'##.(..#.........
#..!........##........
#.###........##.......
.....................
####........#........
####.....#........
#..............


You could see a necrophage and an iguana.

Vanquished Creatures
  5 adders
  2 worms (D:2)
  A dart slug (D:4)
  5 bats (D:1)
  7 endoplasms
  2 giant cockroaches
  7 goblins
  A hobgoblin (D:1)
  2 jackals (D:1)
  3 quokkas
  5 ball pythons
  5 frilled lizards
  8 kobolds
  5 rats
58 creatures vanquished.

Notes
Turn   | Place    | Note
-------+----------+-------------------------------------------
     0 | D:1      | H0rd4k the Octopode Hedge Wizard began the quest for the
                  | Orb.
     0 | D:1      | Reached XP level 1. HP: 11/11 MP: 4/4
   274 | D:1      | Reached XP level 2. HP: 17/17 MP: 3/6
   340 | D:1      | Found Omorru Leac's Antique Weapon Boutique.
  1244 | D:1      | Reached XP level 3. HP: 21/21 MP: 2/7
  1613 | D:1      | Learned a level 2 spell: Blink
  1617 | D:1      | Learned a level 3 spell: Conjure Flame
  1621 | D:1      | Learned a level 3 spell: Mephitic Cloud
  2372 | D:2      | Reached skill level 1 in Fire Magic
  2610 | D:2      | Reached XP level 4. HP: 27/27 MP: 3/9
  3286 | D:3      | Reached skill level 1 in Air Magic
  3935 | D:4      | Noticed a necrophage
  3943 | D:4      | Noticed a necrophage
  4049 | D:4      | Noticed a bullfrog
  4094 | D:4      | Found a sand-covered staircase.
  4098 | D:4      | Slain by an iguana

Illustrated notes

Levels and vault maps discovered:
D:1:      minmay_arrival_stair_chambers, layout_loops_corners, serial_shops,
          shop_statue
D:2:      layout_basic
D:3:      layout_rooms, amcnicky_mini_rare_corridor_liquid, minivault_14,
          lightli_corner_chamber
D:4:      layout_cave_pools, enter_ossuary_2

Skill      XL: |  1  2  3  4 |
---------------+-------------+-----
Stealth        | 3 |  3.0
Fire Magic     | 1 |  1.5
Air Magic      | 1 |  1.2
Conjurations   | 2 |  2.0
Short Blades   | |  0.1
Dodging        | |  2.4
Spellcasting   | |  3.8
Summonings     | |  1.0
Translocations | |  1.0
Poison Magic   | |  0.2

Action                   |  1- 3 |  4- 6 || total
-------------------------+-------+-------++-------
Melee: Dagger            |    11 |     4 ||    15
       Constrict         |     3 |     1 ||     4
 Cast: Magic Dart        |   107 |    54 ||   161
       Mephitic Cloud    |       |     1 ||     1
       Blink             |       |     1 ||     1
  Use: Scroll            |       |     2 ||     2
Armor: Skin              |     5 |     1 ||     6
Dodge: Dodged            |    12 |    18 ||    30
